 Dungeon Crawl Stone Soup version 0.25.1-2-g60ff931df9 (webtiles) character file.

Game seed: 11992154088143118382

200 PlagueDoctor the Skirmisher (level 5, -6/34 HPs)
             Began as a Gargoyle Fighter on Aug 24, 2020.
             Mangled by an ogre
             ... wielding a cursed +0 giant club
              (23 damage)
             ... on level 3 of the Dungeon on Sept 19, 2020.
             The game lasted 00:33:49 (2877 turns).

PlagueDoctor the Skirmisher (Gargoyle Fighter)      Turns: 2877, Time: 00:33:50

Health: -6/34      AC: 11    Str: 20    XL:     5   Next: 78%
Magic:  5/5        EV:  7    Int:  9    God:
Gold:   102        SH:  9    Dex:  9    Spells: 4/4 levels left

rFire    . . .     SeeInvis .   a - +0 flail
rCold    . . .     Gourm    .   c - +0 kite shield
rNeg     + . .     Faith    .   b - +0 scale mail
rPois    ∞         Spirit   .   (no helmet)
rElec    +         Reflect  .   (no cloak)
rCorr    .         Harm     .   (no gloves)
MR       .....                  (no boots)
Stlth    ..........             (no amulet)
HPRegen  0.11/turn              h - ring of flight
MPRegen  0.09/turn              (no ring)

@: no status effects
A: negative energy resistance 1, electricity resistance, unbreathing,
petrification resistance, rot immunity, AC +4
a: Evoke Flight


You were on level 3 of the Dungeon.
You were not hungry.

You visited 1 branch of the dungeon, and saw 3 of its levels.

You collected 102 gold pieces.

Inventory:

Hand Weapons
 a - a +0 flail (weapon)
Missiles
 j - 58 stones (quivered)
 o - 9 poisoned darts
 q - 7 boomerangs
Armour
 b - a +0 scale mail (worn)
 c - a +0 kite shield (worn)
 k - a +0 robe
Jewellery
 h - a ring of flight (left hand)
Scrolls
 e - 3 scrolls of fog {unknown}
 g - a scroll of remove curse {unknown}
 i - a scroll of immolation {unknown}
 l - 7 scrolls of identify {unknown}
 t - a scroll of amnesia {unknown}
Potions
 d - 2 potions of might
 m - 2 potions of curing {unknown}
 n - a potion of mutation {unknown}
 p - 2 potions of flight {unknown}
 r - a potion of resistance {unknown}
Comestibles
 f - 6 rations
 s - 8 chunks of flesh


   Skills:
 + Level 4.7 Fighting
 + Level 3.7 Maces & Flails
 + Level 4.7 Armour
 - Level 3.2 Shields


You had 4 spell levels left.
You didn't know any spells.
Your spell library was empty.

Dungeon Overview and Level Annotations

Branches:
Dungeon (3/15)

Altars:
Uskayaw


Innate Abilities, Weirdness & Mutations

You are resistant to torment.
Your stone body is resilient. (AC +4)
You are immune to poison.
You resist negative energy. (rN+)
You are resistant to electric shocks. (rElec)
You can survive without breathing.
You are immune to petrification.
You are immune to rotting.


Message History

You are too injured to fight recklessly!
You are too injured to fight recklessly!
You are too injured to fight recklessly!
You are too injured to fight recklessly!
You are too injured to fight recklessly!
You are too injured to fight recklessly!
You are too injured to fight recklessly!
You are too injured to fight recklessly!
You are too injured to fight recklessly!
You are too injured to fight recklessly!
You are too injured to fight recklessly!
You are too injured to fight recklessly!
You are too injured to fight recklessly!
You are too injured to fight recklessly!
You are too injured to fight recklessly!
You are too injured to fight recklessly!
You hit the ogre but do no damage.
The ogre hits you with a cursed +0 giant club!!
Ouch! That really hurt!
You die...

#........#.#.......#
#........#.#...8....
#........#.#..8.8..#
#.......##.#.8._.8..
##.......#.#..8.8...
#..#.#....#...8....
######.........#........
.......>.......#..###..<
####..@########.. #.##
#...O........ #...
#.....##### ####
#.##.... #. .#### #. ##
. #


You could see an ogre.

Vanquished Creatures
  A crimson imp (D:3)
  An iguana (D:2)
  5 gnolls
  3 adders
  3 worms
  A dart slug (D:1)
  A leopard gecko (D:1)
  2 orcs (D:3)
  A giant cockroach (D:2)
  3 goblins
  7 hobgoblins
  4 jackals (D:1)
  5 kobolds
  A quokka (D:2)
  6 bats
  2 frilled lizards (D:3)
  8 rats
54 creatures vanquished.

Notes
Turn   | Place    | Note
-------+----------+-------------------------------------------
     0 | D:1      | PlagueDoctor the Gargoyle Fighter began the quest for the
                  | Orb.
     0 | D:1      | Reached XP level 1. HP: 14/14 MP: 1/1
   572 | D:1      | Reached XP level 2. HP: 19/19 MP: 2/2
   795 | D:1      | Reached XP level 3. HP: 19/24 MP: 3/3
  1107 | D:2      | HP: 1/24 [iguana (6)]
  1110 | D:2      | Reached XP level 4. HP: 2/29 MP: 4/4
  2015 | D:2      | Found a hide-covered altar of Uskayaw.
  2020 | D:2      | Reached XP level 5. HP: 27/34 MP: 5/5
  2797 | D:3      | Found a faded altar of an unknown god.
  2876 | D:3      | Noticed an ogre
  2877 | D:3      | Mangled by an ogre

Illustrated notes

Levels and vault maps discovered:
D:1:      shiori_shiawase, layout_basic
D:2:      layout_rooms, eat_drink_and_be_merry_uskayaw, mrwooster_statue_mirror
D:3:      layout_basic, chequers_ecumenical_altar_simple_redux

Skill      XL: |  1  2  3  4 |
---------------+-------------+-----
Fighting       | 4 |  4.7
Armour         | 4 |  4.7
Maces & Flails | 3 |  3.7
Shields        | |  3.2

Action                   |  1- 3 |  4- 6 || total
-------------------------+-------+-------++-------
Melee: Flail             |   100 |   157 ||   257
  Eat: Chunk             |     1 |     6 ||     7
Armor: Scale mail        |    50 |   127 ||   177
Dodge: Dodged            |    42 |    80 ||   122
Block: Kite shield       |    67 |   114 ||   181
